AoeStats
← Matheus wn8088

Arabia

510307799Analyzed
2v2 RM · 8h ago on Sep 30, 2026· 69m 4s· 4 players
Game mode
Random Map
Map size
Medium (4 player)
Population
200
Speed
Normal
Resources
Standard
Victory
Conquest
Starting age
Dark Age
Ending age
Imperial Age
RankedLock teamsTeams togetherTeam positionsShared explorationLock speedFull tech treeHidden civsTurbo modeCheats
Victory
Defeat
🇹🇼 Huns · Taiwan
812
+11
🇯🇵 Khmer · Japan
789
+12
🇧🇷 Georgians · Brazil
719
-12
🇧🇷 Saxons · Brazil
675
-11
knight
7:56 Loom
10:14 Feudal Age
16:09 Castle Age
14:19 Double-Bit Axe
14:47 Horse Collar
16:59 Heavy Plow
19:07 Bow Saw
20:54 Wheelbarrow
23:54 Hand Cart
24:07 Stone Mining
25:22 Husbandry
27:07 Bloodlines
28:05 Gold Mining
31:56 Imperial Age
30:05 Gold Shaft Mining
30:14 Stone Shaft Mining
30:43 Scale Barding Armor
31:17 Ballistics
33:55 Chemistry
33:01 Siege Engineers
32:48 Town Watch
33:27 Elite Ballista Elephant
36:57 Chain Barding Armor
38:37 Plate Barding Armor
38:59 Double Crossbow
40:33 Conscription
41:00 Fervor
42:00 Town Patrol
41:47 Light Cavalry
42:47 Forging
44:26 Iron Casting
43:46 Fletching
43:22 Hussar
49:35 Blast Furnace
48:33 Bodkin Arrow
51:02 Murder Holes
51:19 Bracer
54:08 Hoardings
53:48 Masonry
64:08 Scale Mail Armor
64:08 Pikeman
65:50 Halberdier
f55555k
11:42 Feudal Age
12:17 Double-Bit Axe
19:23 Castle Age
17:13 Horse Collar
20:54 Bow Saw
20:47 Heavy Plow
22:16 Wheelbarrow
26:42 Scale Barding Armor
26:38 Scale Mail Armor
26:37 Stone Mining
26:42 Gold Mining
28:31 Hand Cart
28:41 Bloodlines
29:06 Husbandry
30:17 Forging
30:28 Chain Barding Armor
34:55 Imperial Age
33:38 Iron Casting
33:19 Chain Mail Armor
32:55 Fletching
34:46 Gold Shaft Mining
34:49 Murder Holes
35:01 Cavalier
36:22 Plate Barding Armor
35:39 Pikeman
36:21 Squires
36:06 Arson
39:56 Two-Man Saw
40:04 Blast Furnace
39:00 Bodkin Arrow
39:06 Padded Archer Armor
40:02 Conscription
39:28 Halberdier
40:29 Caravan
40:29 Paladin
45:00 Chemistry
44:21 Ballistics
44:15 Masonry
45:53 Bracer
51:39 Leather Archer Armor
52:29 Marauders
51:49 Elite Tarkan
66:30 Town Watch
68:35 Town Patrol
68:08 Sappers
GUSTAVO-nardes
0:28 Loom
11:11 Feudal Age
19:35 Castle Age
27:18 Double-Bit Axe
32:43 Imperial Age
37:26 Light Cavalry
40:37 Bow Saw
59:47 Pikeman
63:15 Halberdier
Matheus wn8088
10:47 Feudal Age
10:52 Loom
13:36 Double-Bit Axe
22:54 Gold Mining
22:59 Stone Mining
25:18 Castle Age
23:46 Horse Collar
29:33 Bow Saw
30:08 Forging
33:33 Iron Casting
35:30 Imperial Age
33:47 Stone Shaft Mining
34:54 Scale Barding Armor
36:11 Elite Monaspa
37:20 Conscription
40:34 Blast Furnace
41:44 Chain Barding Armor
41:44 Heavy Plow
44:12 Plate Barding Armor
Connection lost

Rejoining the realm…

Still unreachable

The connection could not be restored.

Session expired

The server has moved on; the page needs a fresh start.